 Dungeon Crawl Stone Soup version 0.20.0-15-g7f486f2 (webtiles) character file.

55 Zachthehappycat the Gusty (level 3, -12/19 HPs)
             Began as a Tengu Air Elementalist on July 1, 2017.
             Was a Follower of Zin.
             Mangled by Crazy Yiuf
             ... wielding a +2 quarterstaff of chaos
              (22 damage)
             ... on level 2 of the Dungeon.
             The game lasted 00:09:54 (2608 turns).

Zachthehappycat the Gusty (Tengu Air Elementalist)  Turns: 2608, Time: 00:09:55

Health: -12/19     AC:  2    Str:  8    XL:     3   Next: 93%
Magic:  7/7        EV: 13    Int: 15    God:    Zin [*.....]
Gold:   96         SH:  0    Dex: 15    Spells: 5/6 levels left

rFire    . . .     SeeInvis .   q - +0 dagger
rCold    . . .     Gourm    .   (no shield)
rNeg     . . .     Faith    .   a - +0 robe
rPois    .         Spirit   .   (helmet restricted)
rElec    .         Reflect  .   (no cloak)
rCorr    .         Harm     +   (no gloves)
MR       .....                  (boots unavailable)
Stlth    ++........             o - amulet of harm
Regen    0.1/turn               (no ring)
MPRegen  0.1/turn               (no ring)

@: no status effects
A: beak, talons 3
a: Recite, Donate Gold, Renounce Religion


You were on level 2 of the Dungeon.
You worshipped Zin.
Zin was aware of your devotion.
You were not hungry.

You visited 1 branch of the dungeon, and saw 2 of its levels.

You collected 106 gold pieces.
You donated 10 gold pieces to Zin.

Inventory:

Hand Weapons
 q - a +0 dagger (weapon)
Missiles
 d - 17 sling bullets
 e - 10 arrows
 h - 83 stones (quivered)
 l - 23 poisoned needles
Armour
 a - a +0 robe (worn)
Jewellery
 o - an amulet of harm (around neck)
Scrolls
 g - a scroll of enchant weapon {unknown}
 k - a scroll of teleportation {unknown}
 p - a scroll of blinking {unknown}
 s - a scroll of fog {unknown}
 t - a scroll of magic mapping {unknown}
 w - a scroll of remove curse {unknown}
 y - a scroll of identify {unknown}
Potions
 f - 2 potions of cancellation {unknown}
 i - a potion of berserk rage {unknown}
 m - 2 potions of ambrosia {unknown}
 n - a potion of resistance {unknown}
 r - a potion of curing {unknown}
 v - 2 potions of heal wounds {unknown}
 x - a potion of mutation {unknown}
Books
 b - a book of Air

   Spells                             Type                      Level
   a - Shock                          Conjuration/Air              1
   b - Swiftness                      Charms/Air                   2
   c - Static Discharge               Conjuration/Air              3
   d - Airstrike                      Air                          4
   e - Lightning Bolt                 Conjuration/Air              5
Comestibles
 c - 4 bread rations
 j - 2 meat rations
 u - a royal jelly


   Skills:
   Level 0.4 Maces & Flails
 + Level 2.6 Dodging
 + Level 2.7 Stealth
 + Level 2.2 Spellcasting
 + Level 2.1 Conjurations
 + Level 4.8 Air Magic


You had 5 spell levels left.
You knew the following spells:

 Your Spells              Type           Power        Failure   Level  Hunger
a - Shock                 Conj/Air       ##..         5%          1    #......


Dungeon Overview and Level Annotations

Branches:
Dungeon (2/15)

Altars:
Qazlal
Zin

Annotations:
D:2 Crazy Yiuf


Innate Abilities, Weirdness & Mutations

You have a beak for a mouth.
You have claws for feet.


Message History

You destroy the fungus!
You hit the fungus but do no damage. You claw the fungus.
The fungus is lightly damaged.
You hit the fungus.
The fungus is lightly damaged.
Found a runed door.
You open the door.
Crazy Yiuf the Enlightened comes into view.
He is wielding a quarterstaff of chaos.
Found a mace.
There is an open door here.
The helpless Crazy Yiuf fails to defend himself.
You puncture Crazy Yiuf!
Crazy Yiuf is heavily wounded.
Crazy Yiuf closely misses you.
You hit Crazy Yiuf but do no damage. You peck Crazy Yiuf, but do no damage.
Crazy Yiuf is heavily wounded.
Crazy Yiuf hits you with a quarterstaff of chaos!
You are electrocuted!
Ouch! That really hurt!
You die...

#.# ###.#
##...##. #.#
#.#.# #.##.##.
#.## #...#
#....... #..#
##### ##.....#
##.# #.....#
#.###♣♣♣♣♣
#.....#
#.##...♣.♣♣♣#####
#.....#
#....P..♣..♣#...#
#######
#....PP♣♣♣♣.'.@g#
#.. ##.#.♣♣♣
♣♣#..)# #.# ####♣
##### #######..
#........
#####.#####..
#.....# #..
####### ###


You could see Crazy Yiuf.

Vanquished Creatures
  An adder (D:2)
  2 leopard geckos
  7 bats
  2 giant cockroaches (D:1)
  4 goblins
  4 hobgoblins
  4 jackals (D:1)
  5 frilled lizards
  8 kobolds
  7 rats
  2 fungi (D:2)
46 creatures vanquished.

Notes
Turn   | Place    | Note
-------+----------+-------------------------------------------
     0 | D:1      | Zachthehappycat the Tengu Air Elementalist began the quest for the Orb.
     0 | D:1      | Reached XP level 1. HP: 10/10 MP: 4/4
   369 | D:1      | Reached XP level 2. HP: 4/15 MP: 6/6
  1214 | D:1      | Reached XP level 3. HP: 19/19 MP: 7/7
  2165 | D:2      | Found a stormy altar of Qazlal.
  2290 | D:2      | Found a glowing silver altar of Zin.
  2298 | D:2      | Became a worshipper of Zin the Law-Giver
  2298 | D:2      | Reached * piety under Zin
  2599 | D:2      | Found a runed door.
  2603 | D:2      | Noticed Crazy Yiuf
  2608 | D:2      | Mangled by Crazy Yiuf

Skill      XL: |  1  2  3 |
---------------+----------+-----
Conjurations   | 2 |  2.1
Maces & Flails | |  0.4
Dodging        | |  2.6
Stealth        | |  2.7
Spellcasting   | |  2.2
Air Magic      | |  4.8

Action                   || total
-------------------------++-------
Melee: Whip              ||    54
       Kick              ||    48
       Peck              ||    33
       Dagger            ||   142
 Cast: Shock             ||    11
 Stab: Sleeping          ||     4
  Eat: Chunk             ||     5
       Bread ration      ||     1
Armor: Robe              ||    28
Dodge: Dodged            ||   131
